[ PARTIDA AOE2 · #481821082 ]
UnrankedVietnamitas vs Teutons
[ ANÁLISIS DE REPETICIÓN · EXTRAÍDO DE LA PARTIDA GRABADA ]
Feudal
14:57
Castillos
26:30
Imperial
—
| APM promedio | 26.9 |
| APM pico | 50 |
| eAPM promedio | 12.7 |
| Aldeanos / militares | 63 / 21 |
Foco
⚔️ 14.9% · 🌾 85.1%
Spearman ×12 · Fishing Ship ×12 · Galley ×4 · Fire Galley ×3 · Skirmisher ×2 · Unknown (2626) ×2
Feudal
15:06
Castillos
20:47
Imperial
—
| APM promedio | 15.0 |
| APM pico | 133 |
| eAPM promedio | 11.9 |
| Aldeanos / militares | 63 / 42 |
Foco
⚔️ 27.6% · 🌾 72.4%
Fire Lancer ×27 · Rattan Archer ×13 · Battle Elephant ×2
Feudal
14:48
Castillos
21:24
Imperial
—
| APM promedio | 14.9 |
| APM pico | 27 |
| eAPM promedio | 8.1 |
| Aldeanos / militares | 43 / 39 |
Foco
⚔️ 25.2% · 🌾 74.8%
Teutonic Knight ×21 · Knight ×18 · Fishing Ship ×9
Feudal
14:55
Castillos
22:11
Imperial
31:14
| APM promedio | 16.6 |
| APM pico | 39 |
| eAPM promedio | 8.3 |
| Aldeanos / militares | 72 / 30 |
Foco
⚔️ 33.5% · 🌾 66.5%
Genoese Crossbowman ×23 · Unknown (2626) ×8 · Fishing Ship ×7 · Fire Galley ×4 · Trebuchet (Packed) ×3
Feudal
—
Castillos
—
Imperial
—
| APM promedio | 0.2 |
| APM pico | 6 |
| eAPM promedio | 0.1 |
| Aldeanos / militares | 0 / 0 |
Feudal
16:05
Castillos
22:16
Imperial
37:03
| APM promedio | 17.2 |
| APM pico | 43 |
| eAPM promedio | 11.7 |
| Aldeanos / militares | 111 / 27 |
Foco
⚔️ 15.7% · 🌾 84.3%
Shrivamsha Rider ×14 · Armored Elephant ×8 · Scout Cavalry ×3 · Elephant Archer ×2
Feudal
—
Castillos
—
Imperial
—
| APM promedio | 0.4 |
| APM pico | 16 |
| eAPM promedio | 0.1 |
| Aldeanos / militares | 0 / 0 |
Feudal
—
Castillos
—
Imperial
—
| APM promedio | 0.1 |
| APM pico | 3 |
| eAPM promedio | 0.1 |
| Aldeanos / militares | 0 / 0 |
Mapa de la partida
Recursos iniciales + cada clic de construcción. Líneas = muros · curvas = relieve. ◆ oro · ⬟ piedra · ● bayas · ✦ reliquia · ◌ hueco del cierre
Tu base· Abierta — hueco de 15t
Base de DSLG | Shamer· Abierta — hueco de 7t
Base de [BRE] Bermond· Abierta — hueco de 9t
Base de Aprendiz· Abierta — hueco de 3t
Base de Siggi_Team· Abierta — hueco de 13t
Base de Fujitora· Abierta — hueco de 8t
Base de Simbabwe16· Abierta — flanco sin cerrar
Base de 雨あめrain· Abierta — flanco sin cerrar
Terreno inicial suavizado · ◌ = hueco del cierre detectado · pasá el cursor para detalles
Inputs por minuto
— jOkEs On YoU - - DSLG | Shamer
Build order — jOkEs On YoU
Primeras 150 de 174 acciones detectadas
| 0:58 | Construir | Town Center |
| 1:40 | Construir | House |
| 3:19 | Crear | Villager (Male) |
| 3:19 | Crear | Villager (Male) |
| 3:19 | Crear | Villager (Male) |
| 3:20 | Crear | Villager (Male) |
| 4:25 | Crear | Villager (Male) |
| 4:25 | Crear | Villager (Male) |
| 4:55 | Crear | Villager (Male) |
| 5:04 | Construir | House |
| 5:24 | Crear | Villager (Male) |
| 5:52 | Crear | Villager (Male) |
| 6:24 | Crear | Villager (Male) |
| 6:50 | Crear | Villager (Male) |
| 7:19 | Crear | Villager (Male) |
| 7:19 | Crear | Villager (Male) |
| 8:04 | Construir | House |
| 8:08 | Investigar | Loom |
| 8:20 | Crear | Villager (Male) |
| 8:59 | Crear | Villager (Male) |
| 9:00 | Crear | Villager (Male) |
| 9:24 | Construir | Dock |
| 9:36 | Crear | Villager (Male) |
| 9:53 | Construir | House |
| 10:04 | Crear | Villager (Male) |
| 10:29 | Crear | Villager (Male) |
| 10:33 | Crear | Fishing Ship |
| 10:49 | Construir | House |
| 11:01 | Crear | Villager (Male) |
| 11:50 | Construir | Lumber Camp |
| 11:57 | Crear | Villager (Male) |
| 11:57 | Crear | Villager (Male) |
| 12:33 | Investigar | Feudal Age |
| 13:16 | Crear | Fishing Ship |
| 13:16 | Crear | Fishing Ship |
| 13:17 | Crear | Fishing Ship |
| 13:53 | Crear | Villager (Male) |
| 13:53 | Crear | Villager (Male) |
| 14:49 | Construir | Barracks |
| 14:57 | Edad | Edad Feudal |
| 14:58 | Crear | Fishing Ship |
| 15:10 | Construir | House |
| 15:24 | Construir | Mill |
| 15:33 | Construir | House |
| 15:41 | Crear | Villager (Male) |
| 15:52 | Construir | House |
| 15:53 | Construir | House |
| 16:04 | Crear | Villager (Male) |
| 16:22 | Investigar | Double-Bit Axe |
| 16:34 | Construir | Archery Range |
| 16:42 | Crear | Fishing Ship |
| 16:57 | Construir | Dock |
| 17:02 | Crear | Villager (Male) |
| 17:02 | Crear | Villager (Male) |
| 17:17 | Construir | House |
| 17:25 | Construir | House |
| 17:41 | Crear | Villager (Male) |
| 17:41 | Crear | Villager (Male) |
| 18:01 | Construir | Mining Camp |
| 18:06 | Construir | Farm |
| 18:11 | Investigar | Horse Collar |
| 18:14 | Crear | Fishing Ship |
| 18:24 | Investigar | Tech 906 |
| 18:30 | Crear | Unit 2626 |
| 18:35 | Construir | House |
| 18:42 | Construir | House |
| 18:45 | Crear | Skirmisher |
| 18:45 | Crear | Skirmisher |
| 18:54 | Construir | Farm |
| 18:56 | Crear | Villager (Male) |
| 18:56 | Crear | Villager (Male) |
| 19:10 | Crear | Fishing Ship |
| 19:10 | Crear | Fishing Ship |
| 19:15 | Crear | Fire Galley |
| 19:16 | Crear | Unit 2626 |
| 19:21 | Crear | Galley |
| 19:29 | Construir | House |
| 19:39 | Construir | House |
| 19:45 | Construir | Farm |
| 19:47 | Construir | Farm |
| 19:48 | Construir | Farm |
| 19:49 | Construir | Farm |
| 19:51 | Construir | Farm |
| 19:56 | Crear | Villager (Male) |
| 20:38 | Crear | Fire Galley |
| 20:40 | Crear | Galley |
| 20:48 | Crear | Galley |
| 20:48 | Crear | Galley |
| 21:04 | Construir | House |
| 21:19 | Crear | Villager (Male) |
| 21:19 | Crear | Villager (Male) |
| 21:30 | Construir | Blacksmith |
| 21:38 | Construir | Blacksmith |
| 22:00 | Crear | Fire Galley |
| 22:58 | Crear | Villager (Male) |
| 23:21 | Construir | Dock |
| 23:46 | Crear | Spearman |
| 23:47 | Crear | Spearman |
| 23:50 | Investigar | Castle Age |
| 24:00 | Construir | House |
| 24:20 | Crear | Spearman |
| 25:12 | Construir | Dock |
| 26:05 | Construir | House |
| 26:07 | Construir | House |
| 26:18 | Investigar | Gold Mining |
| 26:30 | Edad | Edad de los Castillos |
| 26:33 | Construir | Farm |
| 26:36 | Construir | Farm |
| 26:38 | Crear | Villager (Male) |
| 26:38 | Crear | Villager (Male) |
| 26:39 | Crear | Villager (Male) |
| 26:39 | Crear | Villager (Male) |
| 27:01 | Construir | Town Center |
| 27:15 | Construir | Town Center |
| 27:17 | Crear | Spearman |
| 27:17 | Crear | Spearman |
| 27:18 | Crear | Spearman |
| 27:28 | Construir | Barracks |
| 27:59 | Crear | Fishing Ship |
| 27:59 | Crear | Fishing Ship |
| 27:59 | Crear | Fishing Ship |
| 28:05 | Crear | Villager (Male) |
| 28:05 | Crear | Villager (Male) |
| 28:06 | Crear | Villager (Male) |
| 28:06 | Crear | Villager (Male) |
| 28:18 | Construir | Mill |
| 28:26 | Investigar | Pikeman (upgrade) |
| 28:29 | Crear | Spearman |
| 28:30 | Crear | Spearman |
| 28:35 | Investigar | Stone Mining |
| 28:43 | Construir | Mining Camp |
| 28:46 | Crear | Villager (Male) |
| 28:46 | Crear | Villager (Male) |
| 28:46 | Crear | Villager (Male) |
| 28:47 | Crear | Villager (Male) |
| 28:47 | Crear | Villager (Male) |
| 28:47 | Crear | Villager (Male) |
| 28:47 | Crear | Villager (Male) |
| 29:37 | Construir | Town Center |
| 29:54 | Investigar | Scale Mail Armor |
| 29:56 | Investigar | Padded Archer Armor |
| 29:57 | Investigar | Fletching |
| 30:06 | Construir | Archery Range |
| 30:07 | Construir | Archery Range |
| 30:09 | Construir | Archery Range |
| 30:14 | Investigar | Wheelbarrow |
| 30:18 | Crear | Villager (Male) |
| 30:18 | Crear | Villager (Male) |
| 31:11 | Construir | House |
| 31:21 | Construir | Stone Wall |
Build order — DSLG | Shamer
150 acciones detectadas en el replay
| 1:18 | Construir | Town Center |
| 3:58 | Crear | Villager (Male) ×4 |
| 4:08 | Construir | House |
| 4:15 | Investigar | Loom |
| 4:16 | Crear | Villager (Male) |
| 4:17 | Crear | Villager (Male) |
| 5:18 | Construir | House |
| 5:25 | Construir | Mill |
| 6:13 | Crear | Villager (Male) |
| 6:13 | Crear | Villager (Male) |
| 6:13 | Crear | Villager (Male) |
| 6:35 | Crear | Villager (Male) |
| 6:35 | Crear | Villager (Male) |
| 6:59 | Crear | Villager (Male) |
| 7:14 | Crear | Villager (Male) |
| 7:22 | Crear | Villager (Male) |
| 7:23 | Crear | Villager (Male) |
| 7:40 | Construir | Farm |
| 7:51 | Crear | Villager (Male) |
| 8:13 | Crear | Villager (Male) |
| 8:46 | Crear | Villager (Male) |
| 9:13 | Crear | Villager (Male) |
| 9:40 | Construir | House |
| 10:21 | Crear | Villager (Male) |
| 10:50 | Crear | Villager (Male) |
| 11:03 | Crear | Villager (Male) |
| 11:17 | Crear | Villager (Male) |
| 11:50 | Construir | Mining Camp |
| 11:52 | Crear | Villager (Male) |
| 12:13 | Crear | Villager (Male) |
| 12:34 | Construir | House |
| 12:44 | Construir | House |
| 12:48 | Construir | House |
| 12:56 | Investigar | Feudal Age |
| 13:26 | Construir | House |
| 13:30 | Construir | House |
| 13:50 | Construir | House |
| 14:47 | Crear | Villager (Male) |
| 14:48 | Crear | Villager (Male) |
| 15:06 | Edad | Edad Feudal |
| 15:09 | Crear | Villager (Male) |
| 16:03 | Crear | Villager (Male) |
| 16:22 | Crear | Villager (Male) |
| 16:29 | Construir | Blacksmith |
| 17:12 | Construir | Market |
| 17:36 | Crear | Villager (Male) |
| 18:07 | Investigar | Castle Age |
| 18:17 | Construir | Farm |
| 18:18 | Construir | Farm |
| 18:18 | Construir | Farm |
| 18:18 | Construir | Farm |
| 18:19 | Construir | Farm |
| 18:19 | Construir | Farm |
| 18:19 | Construir | Farm |
| 18:20 | Construir | Farm |
| 18:20 | Construir | Farm |
| 18:20 | Construir | Farm |
| 18:31 | Construir | Lumber Camp |
| 19:05 | Crear | Villager (Male) |
| 19:33 | Investigar | Horse Collar |
| 19:43 | Construir | Farm |
| 19:55 | Construir | Farm |
| 20:05 | Crear | Villager (Male) |
| 20:47 | Edad | Edad de los Castillos |
| 20:55 | Construir | Barracks |
| 21:03 | Crear | Villager (Male) |
| 21:22 | Construir | Town Center |
| 21:28 | Crear | Villager (Male) |
| 21:40 | Construir | Stable |
| 21:44 | Crear | Villager (Male) |
| 21:49 | Construir | Farm |
| 22:04 | Investigar | Double-Bit Axe |
| 22:28 | Construir | Mining Camp |
| 22:34 | Crear | Villager (Male) |
| 22:53 | Crear | Villager (Male) |
| 23:02 | Crear | Villager (Male) |
| 23:07 | Crear | Fire Lancer |
| 23:09 | Crear | Fire Lancer |
| 23:13 | Crear | Villager (Male) |
| 23:27 | Construir | Farm |
| 23:28 | Construir | Farm |
| 23:28 | Construir | Farm |
| 23:45 | Crear | Villager (Male) |
| 24:08 | Crear | Fire Lancer |
| 24:08 | Crear | Fire Lancer |
| 24:15 | Crear | Villager (Male) |
| 24:15 | Crear | Villager (Male) |
| 24:55 | Crear | Villager (Male) |
| 24:58 | Crear | Villager (Male) |
| 24:59 | Crear | Villager (Male) |
| 25:34 | Crear | Villager (Male) |
| 25:45 | Crear | Villager (Male) |
| 26:03 | Crear | Fire Lancer |
| 26:03 | Crear | Fire Lancer |
| 26:03 | Crear | Fire Lancer |
| 26:03 | Crear | Fire Lancer |
| 26:04 | Crear | Fire Lancer |
| 26:18 | Construir | Barracks |
| 26:26 | Construir | Barracks |
| 26:35 | Crear | Villager (Male) ×4 |
| 26:56 | Crear | Fire Lancer ×5 |
| 26:56 | Crear | Fire Lancer ×5 |
| 26:56 | Crear | Fire Lancer ×5 |
| 27:06 | Crear | Fire Lancer |
| 27:06 | Crear | Fire Lancer |
| 27:07 | Crear | Fire Lancer |
| 27:25 | Construir | Town Center |
| 27:47 | Crear | Villager (Male) |
| 27:55 | Construir | House |
| 27:59 | Construir | House |
| 27:59 | Construir | House |
| 28:01 | Construir | House |
| 28:01 | Construir | House |
| 28:01 | Construir | House |
| 28:02 | Construir | House |
| 28:02 | Construir | House |
| 28:03 | Construir | House |
| 28:03 | Construir | House |
| 28:04 | Construir | House |
| 28:04 | Construir | House |
| 28:05 | Construir | House |
| 28:05 | Construir | House |
| 28:06 | Construir | House |
| 28:21 | Investigar | Heavy Plow |
| 28:34 | Crear | Battle Elephant |
| 28:34 | Crear | Battle Elephant |
| 29:13 | Crear | Villager (Male) |
| 29:25 | Crear | Villager (Male) |
| 29:39 | Crear | Villager (Male) ×4 |
| 30:51 | Construir | Archery Range |
| 32:06 | Construir | Castle |
| 32:24 | Crear | Villager (Male) |
| 32:24 | Crear | Villager (Male) |
| 33:43 | Crear | Rattan Archer |
| 33:43 | Crear | Rattan Archer |
| 33:44 | Crear | Rattan Archer |
| 33:44 | Crear | Rattan Archer |
| 33:44 | Crear | Rattan Archer |
| 33:44 | Crear | Rattan Archer |
| 33:45 | Crear | Rattan Archer |
| 33:45 | Crear | Rattan Archer |
| 33:45 | Crear | Rattan Archer |
| 33:46 | Crear | Rattan Archer |
| 33:46 | Crear | Rattan Archer |
| 33:46 | Crear | Rattan Archer |
| 33:46 | Crear | Rattan Archer |
| 33:57 | Crear | Villager (Male) |
| 33:57 | Crear | Villager (Male) |
| 34:41 | Construir | University |
| 35:19 | Investigar | Murder Holes |
Build order — [BRE] Bermond
Primeras 150 de 153 acciones detectadas
| 0:45 | Construir | Town Center |
| 2:24 | Construir | House |
| 2:51 | Construir | Dock |
| 3:23 | Crear | Villager (Male) |
| 3:23 | Crear | Villager (Male) |
| 3:23 | Crear | Villager (Male) |
| 3:24 | Crear | Villager (Male) |
| 3:41 | Investigar | Loom |
| 3:59 | Construir | House |
| 5:09 | Crear | Fishing Ship |
| 5:59 | Crear | Villager (Male) |
| 6:05 | Crear | Fishing Ship |
| 6:38 | Crear | Villager (Male) |
| 7:04 | Crear | Fishing Ship |
| 7:13 | Construir | House |
| 7:20 | Crear | Villager (Male) |
| 7:52 | Crear | Villager (Male) |
| 8:07 | Construir | Lumber Camp |
| 8:15 | Crear | Villager (Male) |
| 8:58 | Crear | Villager (Male) |
| 9:03 | Crear | Fishing Ship |
| 9:31 | Crear | Villager (Male) |
| 9:39 | Crear | Fishing Ship |
| 10:04 | Crear | Villager (Male) |
| 10:20 | Construir | Mill |
| 10:22 | Crear | Villager (Male) |
| 10:34 | Construir | House |
| 10:55 | Crear | Fishing Ship |
| 11:05 | Construir | House |
| 11:59 | Construir | Mining Camp |
| 12:17 | Crear | Villager (Male) |
| 12:38 | Investigar | Feudal Age |
| 13:47 | Construir | Barracks |
| 14:48 | Edad | Edad Feudal |
| 14:52 | Crear | Villager (Male) |
| 14:53 | Crear | Villager (Male) |
| 15:26 | Crear | Villager (Male) |
| 15:52 | Investigar | Tech 906 |
| 15:54 | Investigar | Double-Bit Axe |
| 15:56 | Crear | Villager (Male) |
| 16:15 | Construir | Stable |
| 16:28 | Construir | Blacksmith |
| 16:31 | Crear | Villager (Male) |
| 16:53 | Crear | Villager (Male) |
| 17:01 | Construir | House |
| 17:29 | Crear | Villager (Male) |
| 17:52 | Crear | Villager (Male) |
| 17:59 | Construir | Farm |
| 18:03 | Construir | House |
| 18:15 | Construir | Stable |
| 18:18 | Crear | Villager (Male) |
| 18:29 | Investigar | Castle Age |
| 18:50 | Construir | Farm |
| 18:59 | Investigar | Scale Barding Armor |
| 19:09 | Construir | Farm |
| 19:33 | Construir | Mining Camp |
| 19:38 | Investigar | Stone Mining |
| 19:53 | Investigar | Bloodlines |
| 20:07 | Crear | Villager (Male) |
| 20:57 | Crear | Villager (Male) |
| 21:24 | Edad | Edad de los Castillos |
| 21:25 | Crear | Knight |
| 21:26 | Crear | Knight |
| 21:32 | Crear | Knight |
| 21:41 | Construir | Market |
| 22:08 | Crear | Knight |
| 22:10 | Crear | Villager (Male) |
| 22:13 | Crear | Villager (Male) |
| 22:23 | Construir | Farm |
| 22:49 | Construir | Farm |
| 22:51 | Crear | Villager (Male) |
| 23:21 | Construir | Town Center |
| 23:30 | Crear | Knight |
| 23:31 | Crear | Knight |
| 23:59 | Construir | House |
| 24:08 | Crear | Knight |
| 24:47 | Crear | Knight |
| 25:00 | Investigar | Fletching |
| 25:04 | Crear | Villager (Male) |
| 25:04 | Crear | Villager (Male) |
| 25:23 | Crear | Fishing Ship |
| 25:23 | Crear | Fishing Ship |
| 25:24 | Crear | Fishing Ship |
| 25:45 | Crear | Knight |
| 25:45 | Crear | Knight |
| 26:01 | Construir | Farm |
| 26:07 | Crear | Villager (Male) |
| 26:07 | Crear | Villager (Male) |
| 26:14 | Construir | Mining Camp |
| 26:30 | Construir | House |
| 26:34 | Construir | Farm |
| 26:39 | Crear | Knight |
| 26:43 | Crear | Villager (Male) |
| 26:43 | Crear | Villager (Male) |
| 26:44 | Investigar | Wheelbarrow |
| 27:04 | Crear | Villager (Male) |
| 27:07 | Construir | House |
| 27:22 | Construir | Castle |
| 27:41 | Construir | Farm |
| 27:43 | Crear | Villager (Male) |
| 27:46 | Investigar | Forging |
| 27:51 | Construir | House |
| 28:07 | Crear | Knight |
| 28:07 | Crear | Knight |
| 28:07 | Crear | Knight |
| 28:34 | Investigar | Town Watch |
| 29:21 | Construir | Mining Camp |
| 29:25 | Crear | Teutonic Knight |
| 29:25 | Crear | Teutonic Knight |
| 29:26 | Crear | Teutonic Knight |
| 29:40 | Crear | Knight |
| 29:40 | Crear | Knight |
| 29:46 | Construir | Farm |
| 30:16 | Crear | Teutonic Knight |
| 30:44 | Crear | Teutonic Knight |
| 30:45 | Crear | Teutonic Knight |
| 31:05 | Construir | Farm |
| 31:07 | Crear | Villager (Male) |
| 31:08 | Crear | Villager (Male) |
| 31:52 | Construir | Farm |
| 31:56 | Investigar | Bodkin Arrow |
| 32:10 | Crear | Teutonic Knight |
| 32:11 | Crear | Teutonic Knight |
| 32:41 | Crear | Teutonic Knight |
| 32:41 | Crear | Teutonic Knight |
| 33:02 | Crear | Knight |
| 33:02 | Crear | Knight |
| 33:06 | Crear | Villager (Male) |
| 33:11 | Construir | House |
| 33:20 | Construir | Castle |
| 33:46 | Crear | Teutonic Knight |
| 33:46 | Crear | Teutonic Knight |
| 33:46 | Crear | Teutonic Knight |
| 33:56 | Construir | House |
| 33:58 | Crear | Villager (Male) |
| 33:58 | Crear | Villager (Male) |
| 34:20 | Crear | Teutonic Knight |
| 34:57 | Crear | Teutonic Knight |
| 34:57 | Crear | Teutonic Knight |
| 34:57 | Crear | Teutonic Knight |
| 35:18 | Crear | Teutonic Knight |
| 35:25 | Construir | House |
| 35:37 | Construir | Farm |
| 35:38 | Construir | Farm |
| 35:45 | Crear | Villager (Male) |
| 35:45 | Crear | Villager (Male) |
| 35:50 | Crear | Teutonic Knight |
| 35:50 | Crear | Teutonic Knight |
| 35:51 | Investigar | Ironclad |
| 36:02 | Construir | Farm |
Build order — Aprendiz
150 acciones detectadas en el replay
| 1:21 | Construir | Town Center |
| 3:10 | Construir | Dock |
| 3:12 | Construir | House |
| 3:35 | Crear | Villager (Male) ×4 |
| 4:35 | Crear | Fishing Ship |
| 5:19 | Construir | House |
| 5:28 | Investigar | Loom |
| 5:57 | Crear | Villager (Male) |
| 5:58 | Crear | Villager (Male) |
| 6:37 | Crear | Villager (Male) |
| 6:37 | Crear | Villager (Male) |
| 7:11 | Crear | Fishing Ship |
| 7:34 | Crear | Villager (Male) |
| 7:44 | Construir | House |
| 7:57 | Crear | Villager (Male) |
| 8:00 | Crear | Villager (Male) |
| 8:26 | Construir | Mill |
| 8:32 | Crear | Villager (Male) |
| 8:48 | Crear | Fishing Ship |
| 9:15 | Crear | Villager (Male) |
| 9:20 | Construir | House |
| 9:31 | Crear | Fishing Ship |
| 9:33 | Crear | Villager (Male) |
| 9:51 | Crear | Villager (Male) |
| 10:20 | Crear | Fishing Ship |
| 10:22 | Crear | Fishing Ship |
| 10:29 | Construir | House |
| 10:38 | Crear | Villager (Male) |
| 11:03 | Crear | Villager (Male) |
| 11:07 | Crear | Fishing Ship |
| 11:29 | Construir | Mill |
| 11:33 | Crear | Villager (Male) |
| 11:49 | Construir | House |
| 11:53 | Construir | Lumber Camp |
| 11:57 | Crear | Villager (Male) |
| 12:45 | Investigar | Feudal Age |
| 13:11 | Construir | Dock |
| 13:17 | Crear | Villager (Male) |
| 14:06 | Crear | Villager (Male) |
| 14:12 | Construir | House |
| 14:16 | Construir | House |
| 14:18 | Construir | House |
| 14:44 | Crear | Villager (Male) |
| 14:55 | Edad | Edad Feudal |
| 15:00 | Investigar | Tech 906 |
| 15:01 | Crear | Fire Galley |
| 15:01 | Crear | Fire Galley |
| 15:24 | Crear | Villager (Male) ×5 |
| 15:34 | Construir | Mining Camp |
| 15:40 | Construir | Mining Camp |
| 16:04 | Construir | Market |
| 16:08 | Construir | Blacksmith |
| 16:27 | Crear | Villager (Male) |
| 16:39 | Construir | House |
| 16:42 | Construir | House |
| 16:51 | Construir | Farm |
| 16:52 | Construir | Farm |
| 16:52 | Construir | Farm |
| 17:26 | Investigar | Double-Bit Axe |
| 17:46 | Crear | Unit 2626 |
| 17:46 | Crear | Unit 2626 |
| 17:54 | Construir | Farm |
| 18:02 | Crear | Villager (Male) |
| 18:30 | Crear | Villager (Male) |
| 18:39 | Crear | Fire Galley |
| 18:40 | Crear | Fire Galley |
| 19:17 | Investigar | Castle Age |
| 19:22 | Construir | Mining Camp |
| 19:48 | Investigar | Fletching |
| 20:29 | Crear | Unit 2626 |
| 20:29 | Crear | Unit 2626 |
| 20:50 | Crear | Villager (Male) |
| 20:50 | Crear | Villager (Male) |
| 21:10 | Crear | Unit 2626 |
| 21:10 | Crear | Unit 2626 |
| 21:39 | Construir | Farm |
| 21:39 | Construir | Farm |
| 21:39 | Construir | Farm |
| 21:40 | Construir | Farm |
| 21:40 | Construir | Farm |
| 22:11 | Edad | Edad de los Castillos |
| 22:13 | Investigar | War Galley (upgrade) |
| 22:19 | Crear | Unit 2626 |
| 22:19 | Crear | Unit 2626 |
| 22:53 | Investigar | Bow Saw |
| 23:20 | Crear | Villager (Male) ×5 |
| 23:23 | Construir | House |
| 24:09 | Crear | Villager (Male) ×5 |
| 24:32 | Construir | House |
| 24:32 | Construir | House |
| 24:32 | Construir | House |
| 25:15 | Construir | Dock |
| 25:41 | Construir | Castle |
| 26:46 | Construir | Castle |
| 26:59 | Construir | Town Center |
| 27:07 | Investigar | Horse Collar |
| 27:49 | Crear | Villager (Male) ×5 |
| 28:04 | Investigar | Imperial Age |
| 28:07 | Investigar | Wheelbarrow |
| 28:08 | Investigar | Town Watch |
| 28:12 | Crear | Genoese Crossbowman |
| 28:13 | Crear | Genoese Crossbowman |
| 28:13 | Crear | Genoese Crossbowman |
| 28:17 | Construir | Mining Camp |
| 28:53 | Investigar | Gold Mining |
| 28:54 | Investigar | Stone Mining |
| 28:57 | Crear | Genoese Crossbowman |
| 28:58 | Crear | Genoese Crossbowman |
| 28:58 | Crear | Genoese Crossbowman |
| 29:25 | Construir | Dock |
| 29:43 | Crear | Genoese Crossbowman |
| 29:43 | Crear | Genoese Crossbowman |
| 29:43 | Crear | Genoese Crossbowman |
| 29:56 | Crear | Villager (Male) ×5 |
| 30:06 | Investigar | Stone Shaft Mining |
| 30:37 | Construir | University |
| 31:04 | Investigar | Bodkin Arrow |
| 31:14 | Edad | Edad Imperial |
| 31:17 | Crear | Trebuchet (Packed) |
| 31:26 | Investigar | Chemistry |
| 31:44 | Crear | Villager (Male) ×5 |
| 31:48 | Construir | Farm |
| 31:49 | Construir | Farm |
| 31:59 | Construir | Lumber Camp |
| 32:16 | Investigar | Conscription |
| 32:20 | Investigar | Bracer |
| 32:27 | Construir | Farm |
| 33:16 | Crear | Genoese Crossbowman |
| 33:16 | Crear | Genoese Crossbowman |
| 33:17 | Crear | Genoese Crossbowman |
| 33:17 | Crear | Genoese Crossbowman |
| 33:17 | Crear | Genoese Crossbowman |
| 33:33 | Crear | Genoese Crossbowman |
| 33:34 | Crear | Genoese Crossbowman |
| 34:07 | Crear | Genoese Crossbowman ×5 |
| 34:17 | Investigar | Ballistics |
| 34:26 | Construir | Castle |
| 34:34 | Crear | Villager (Male) ×5 |
| 34:42 | Construir | Farm |
| 34:42 | Construir | Farm |
| 34:43 | Construir | Farm |
| 34:43 | Construir | Farm |
| 34:46 | Investigar | Padded Archer Armor |
| 35:12 | Construir | Mining Camp |
| 35:30 | Crear | Trebuchet (Packed) |
| 35:53 | Crear | Trebuchet (Packed) |
| 35:54 | Crear | Genoese Crossbowman ×2 |
| 35:56 | Investigar | Leather Archer Armor |
| 36:51 | Crear | Villager (Male) ×5 |
| 36:51 | Crear | Villager (Male) ×5 |
Build order — Siggi_Team
0 acciones detectadas en el replay
Build order — Fujitora
Primeras 150 de 242 acciones detectadas
| 0:22 | Construir | Town Center |
| 2:28 | Construir | House |
| 2:30 | Construir | House |
| 2:43 | Construir | Palisade Gate |
| 2:49 | Construir | Palisade Wall |
| 3:17 | Crear | Villager (Male) |
| 3:18 | Crear | Villager (Male) |
| 3:19 | Crear | Villager (Male) |
| 3:19 | Crear | Villager (Male) |
| 3:20 | Investigar | Loom |
| 4:09 | Construir | House |
| 4:11 | Construir | House |
| 5:16 | Crear | Villager (Male) |
| 5:16 | Crear | Villager (Male) |
| 5:55 | Construir | Mill |
| 6:11 | Crear | Villager (Male) |
| 7:04 | Crear | Villager (Male) |
| 7:28 | Crear | Villager (Male) |
| 7:41 | Crear | Villager (Male) |
| 8:09 | Crear | Villager (Male) |
| 8:10 | Crear | Villager (Male) |
| 8:34 | Crear | Villager (Male) |
| 9:09 | Crear | Villager (Male) |
| 9:09 | Crear | Villager (Male) |
| 9:10 | Crear | Villager (Male) |
| 9:48 | Crear | Villager (Male) |
| 9:48 | Crear | Villager (Male) |
| 10:12 | Crear | Villager (Male) |
| 10:40 | Crear | Villager (Male) |
| 10:40 | Crear | Villager (Male) |
| 11:42 | Crear | Villager (Male) |
| 11:43 | Crear | Villager (Male) |
| 11:44 | Crear | Villager (Male) |
| 12:46 | Construir | Farm |
| 12:47 | Construir | Farm |
| 12:48 | Construir | Farm |
| 12:50 | Construir | Farm |
| 12:59 | Crear | Villager (Male) |
| 13:20 | Construir | Lumber Camp |
| 13:30 | Crear | Villager (Male) |
| 13:46 | Investigar | Feudal Age |
| 14:21 | Construir | Mining Camp |
| 14:55 | Construir | Barracks |
| 15:01 | Construir | House |
| 15:03 | Construir | House |
| 15:04 | Construir | House |
| 15:19 | Construir | House |
| 15:22 | Construir | Palisade Wall |
| 15:22 | Construir | Palisade Wall |
| 15:42 | Construir | Farm |
| 15:45 | Construir | Farm |
| 16:02 | Crear | Villager (Male) |
| 16:05 | Edad | Edad Feudal |
| 16:34 | Crear | Villager (Male) |
| 16:35 | Crear | Villager (Male) |
| 17:06 | Construir | Blacksmith |
| 17:27 | Construir | Market |
| 17:29 | Construir | Farm |
| 17:31 | Crear | Villager (Male) |
| 17:43 | Crear | Villager (Male) |
| 17:59 | Construir | Gate |
| 18:02 | Crear | Villager (Male) |
| 18:04 | Construir | Farm |
| 18:31 | Crear | Villager (Male) |
| 18:51 | Construir | Mining Camp |
| 18:53 | Crear | Villager (Male) |
| 19:04 | Investigar | Castle Age |
| 19:20 | Construir | Stable |
| 19:34 | Investigar | Double-Bit Axe |
| 19:36 | Investigar | Horse Collar |
| 20:02 | Investigar | Stone Mining |
| 20:11 | Investigar | Gold Mining |
| 21:20 | Crear | Scout Cavalry |
| 21:34 | Crear | Scout Cavalry |
| 21:35 | Crear | Scout Cavalry |
| 21:43 | Investigar | Wheelbarrow |
| 22:16 | Edad | Edad de los Castillos |
| 22:25 | Investigar | Husbandry |
| 22:31 | Crear | Villager (Male) |
| 22:38 | Construir | Town Center |
| 22:45 | Crear | Villager (Male) |
| 23:20 | Construir | Town Center |
| 24:05 | Investigar | Bow Saw |
| 24:17 | Crear | Villager (Male) |
| 24:17 | Crear | Villager (Male) |
| 24:19 | Crear | Villager (Male) |
| 24:21 | Construir | Farm |
| 24:46 | Crear | Villager (Male) |
| 24:46 | Crear | Villager (Male) |
| 24:52 | Crear | Villager (Male) |
| 25:02 | Investigar | Heavy Plow |
| 25:08 | Crear | Villager (Male) |
| 25:09 | Crear | Villager (Male) |
| 25:29 | Crear | Villager (Male) |
| 25:30 | Crear | Villager (Male) |
| 25:36 | Construir | Farm |
| 25:37 | Construir | Farm |
| 25:38 | Construir | Farm |
| 25:44 | Construir | Farm |
| 25:44 | Crear | Villager (Male) |
| 25:44 | Crear | Villager (Male) |
| 25:45 | Crear | Villager (Male) |
| 25:45 | Crear | Villager (Male) |
| 26:06 | Crear | Villager (Male) |
| 26:07 | Crear | Villager (Male) |
| 26:07 | Crear | Villager (Male) |
| 26:22 | Construir | Farm |
| 26:23 | Construir | Farm |
| 26:24 | Construir | Farm |
| 26:27 | Construir | Farm |
| 26:35 | Construir | Farm |
| 26:37 | Crear | Villager (Male) |
| 26:37 | Crear | Villager (Male) |
| 26:38 | Crear | Villager (Male) |
| 26:38 | Crear | Villager (Male) |
| 27:09 | Construir | Castle |
| 27:18 | Crear | Shrivamsha Rider |
| 27:19 | Crear | Shrivamsha Rider |
| 27:20 | Crear | Shrivamsha Rider |
| 27:23 | Crear | Villager (Male) |
| 27:23 | Crear | Villager (Male) |
| 27:23 | Crear | Villager (Male) |
| 27:31 | Crear | Villager (Male) |
| 27:31 | Crear | Villager (Male) |
| 27:39 | Construir | House |
| 27:41 | Construir | House |
| 27:43 | Construir | House |
| 27:48 | Construir | Gate |
| 28:00 | Construir | House |
| 28:00 | Construir | House |
| 28:01 | Construir | House |
| 28:05 | Investigar | Hand Cart |
| 28:12 | Crear | Villager (Male) |
| 28:13 | Crear | Villager (Male) |
| 28:21 | Crear | Villager (Male) |
| 28:31 | Crear | Villager (Male) |
| 28:32 | Crear | Villager (Male) |
| 28:38 | Construir | Farm |
| 28:41 | Construir | Farm |
| 28:42 | Construir | Farm |
| 28:43 | Construir | Farm |
| 29:16 | Crear | Villager (Male) |
| 29:16 | Crear | Villager (Male) |
| 29:17 | Crear | Villager (Male) |
| 29:17 | Crear | Villager (Male) |
| 29:18 | Crear | Villager (Male) |
| 29:18 | Crear | Villager (Male) |
| 29:18 | Crear | Villager (Male) |
| 30:00 | Construir | Mining Camp |
| 30:13 | Crear | Villager (Male) |
Build order — Simbabwe16
0 acciones detectadas en el replay
Build order — 雨あめrain
0 acciones detectadas en el replay
Cronología de la partida
| 0:05 | 雨あめrain · resign |
| 2:49 | Fujitora · wall_segment Palisade Wall x4 |
| 2:51 | [BRE] Bermond · first_building Dock |
| 3:10 | Aprendiz · first_building Dock |
| 9:24 | jOkEs On YoU · first_building Dock |
| 13:47 | [BRE] Bermond · first_building Barracks |
| 14:48 | [BRE] Bermond · age_up feudal |
| 14:49 | jOkEs On YoU · first_building Barracks |
| 14:55 | Fujitora · first_building Barracks |
| 14:55 | Aprendiz · age_up feudal |
| 14:57 | jOkEs On YoU · age_up feudal |
| 15:06 | DSLG | Shamer · age_up feudal |
| 15:22 | Fujitora · wall_segment Palisade Wall x1 |
| 15:22 | Fujitora · wall_segment Palisade Wall x1 |
| 16:05 | Fujitora · age_up feudal |
| 16:15 | [BRE] Bermond · first_building Stable |
| 16:34 | jOkEs On YoU · first_building Archery Range |
| 18:04 | DSLG | Shamer · first_market_buy 100 food |
| 19:20 | Fujitora · first_building Stable |
| 20:47 | DSLG | Shamer · age_up castle |
| 20:55 | DSLG | Shamer · first_building Barracks |
| 21:24 | [BRE] Bermond · age_up castle |
| 21:40 | DSLG | Shamer · first_building Stable |
| 22:11 | Aprendiz · age_up castle |
| 22:16 | Fujitora · age_up castle |
| 25:41 | Aprendiz · first_building Castle |
| 26:30 | jOkEs On YoU · age_up castle |
| 27:09 | Fujitora · first_building Castle |
| 27:22 | [BRE] Bermond · first_building Castle |
| 30:51 | DSLG | Shamer · first_building Archery Range |
| 31:14 | Aprendiz · age_up imperial |
| 31:21 | jOkEs On YoU · wall_segment Stone Wall x4 |
| 31:57 | Aprendiz · first_market_buy 100 wood |
| 32:06 | DSLG | Shamer · first_building Castle |
| 33:59 | Fujitora · first_building Siege Workshop |
| 34:02 | Fujitora · first_building Archery Range |
| 34:53 | jOkEs On YoU · first_building Castle |
| 36:42 | Aprendiz · first_market_sell 500 food |
| 37:03 | Fujitora · age_up imperial |
[ ANÁLISIS IA · 1 CRÉDITO ]
¿Qué pasó realmente en esta partida?
Wolo.gg analiza cada decisión: build order, eco, micro, errores típicos por bracket. Análisis personalizado por WhatsApp o Discord en 30 segundos.
Guía civ
Vietnamitas
Perfil
Jugador #4240387